 Dungeon Crawl Stone Soup version 0.24-a0-59-gc4a3eeb (webtiles) character file.

Game seed: 5272711348574603070

17 slphil the Skirmisher (level 2, 0/24 HPs)
             Began as a Formicid Abyssal Knight on Feb 5, 2019.
             Was a Follower of Lugonu.
             Slain by an orc priest (1 damage)
             ... on level 2 of the Dungeon.
             The game lasted 00:01:53 (1056 turns).

slphil the Skirmisher (Formicid Abyssal Knight)     Turns: 1056, Time: 00:01:54

Health: 0/24       AC:  5    Str: 16    XL:     2   Next: 80%
Magic:  4/4        EV: 10    Int:  7    God:    Lugonu [*.....]
Gold:   38         SH:  0    Dex: 10    Spells: 1/1 levels left

rFire    . . .     SeeInvis +   a - +1 hand axe
rCold    . . .     Gourm    .   (no shield)
rNeg     . . .     Faith    .   e - +0 ring mail {rPois}
rPois    +         Spirit   .   (helmet unavailable)
rElec    .         Reflect  .   j - scarf {repulsion}
rCorr    .         Harm     .   (no gloves)
MR       .....                  (no boots)
Stlth    ..........             (no amulet)
HPRegen  0.08/turn              g - -4 ring of intelligence (curse)
MPRegen  0.09/turn              (no ring)

@: repel missiles
A: permanent stasis, dig shafts and tunnels, four strong arms, antennae 3
a: Dig, Shaft Self, Depart the Abyss, Renounce Religion


You were on level 2 of the Dungeon.
You worshipped Lugonu.
Lugonu was aware of your devotion.
You were not hungry.

You visited 1 branch of the dungeon, and saw 2 of its levels.
You visited the Abyss 1 time.

You collected 38 gold pieces.

Inventory:

Hand Weapons
 a - a +1 hand axe (weapon)
Missiles
 d - 58 stones (quivered)
Armour
 e - a +0 ring mail of poison resistance (worn)
 j - a scarf of repulsion (worn)
Jewellery
 g - a cursed -4 ring of intelligence (left hand)
Scrolls
 i - a scroll of identify {unknown}
Potions
 f - a potion of resistance {unknown}
 h - a potion of haste {unknown}
Comestibles
 b - a chunk of flesh
 c - 4 rations


   Skills:
 - Level 3.2 Fighting
 * Level 2.8 Axes
 - Level 2.1 Armour
 - Level 0.8 Dodging
 + Level 2.7 Invocations


You had one spell level left.
You didn't know any spells.
Your spell library was empty.

Dungeon Overview and Level Annotations

Branches:
Dungeon (2/15)

Altars:


Innate Abilities, Weirdness & Mutations

You cannot be hasted, slowed, berserked, paralysed or teleported.
You can dig through walls and to a lower floor.
Your four strong arms can wield two-handed weapons with a shield.
You have a pair of large antennae on your head. (SInv)


Message History

The orc is almost dead.
You hit the orc but do no damage.
The orc is almost dead.
The orc wizard casts a spell.
The orc wizard blinks!
The orc completely misses you.
The orc wizard mumbles some strange words.
The orc wizard blinks!
You barely miss the orc.
The orc is almost dead.
The orc priest calls down the wrath of Beogh upon you.
Beogh smites you!
* * * LOW HITPOINT WARNING * * *
The orc hits you with a +0 mace.
* * * LOW HITPOINT WARNING * * *
The orc priest closely misses you.
Your ring mail prevents you from hitting the orc priest.
You hit the orc but do no damage. The orc hits you with a +0 mace.
* * * LOW HITPOINT WARNING * * *
The orc priest hits you.
You die...

....# ##### .# .# ##### .#
##...## ### ##.....## ##
#.## ##.......## ##.##
...####.........####...##.##
......+.....o..o@o..........
...####.........####........
..<..# #...รท....# ##.......
.###.# ##.....#.# ..o....
#.##.# ##...##.# ..o....
#.##.# ##'###.# ..o.o..
#.##.# #.# #.# .......
..##(# #.# #.# ......o
#.##.# ##.###.. ...>...


You could see an orc priest, an orc wizard and an orc.

Vanquished Creatures
  A worm (D:2)
  An orc (D:2)
  2 bats
  A giant cockroach (D:1)
  3 goblins (D:1)
  2 kobolds (D:1)
  2 rats (D:1)
12 creatures vanquished.

Notes
Turn   | Place    | Note
-------+----------+-------------------------------------------
     0 | Abyss:1  | slphil the Formicid Abyssal Knight began the quest for the
                  | Orb.
     0 | Abyss:1  | Reached XP level 1. HP: 18/18 MP: 2/2
     7 | D:1      | Escaped the Abyss
    32 | D:1      | You fall through a shaft!
    50 | D:2      | Reached XP level 2. HP: 5/24 MP: 3/3
  1056 | D:2      | HP: 1/24 [orc/+0 mace (4)]
  1056 | D:2      | Slain by an orc priest

Vault maps used:
D:1:      dpeg_arrival_stonehenge_12_columns
D:2:      overflow_temple_1_default, chequers_ecumenical_altar_lobes

Action                   || total
-------------------------++-------
Melee: Hand axe          ||    45
Armor: Leather armour    ||     2
       Ring mail         ||    12
Dodge: Dodged            ||    28

Table legend:
 A = Non-vault XP
 B = Vault XP
 C = Vault XP percentage of total XP
 D = Non-vault monster count
 E = Vault monster count
 F = Vault count percentage of total count
                 A         B        C        D         E       F
            +---------+---------+-------+---------+---------+-------
      Total |      25 |       0 |   0.0 |      12 |       0 |   0.0
            +---------+---------+-------+---------+---------+-------
        D:1 |      14 |       0 |   0.0 |       9 |       0 |   0.0
        D:2 |      11 |       0 |   0.0 |       3 |       0 |   0.0
            +---------+---------+-------+---------+---------+-------
